[Event "*** Titled Tuesday Blitz"]
[Site "Chess.com"]
[Date "2018.12.04"]
[Round "5"]
[White "BvsN"]
[Black "MFBerna"]
[Result "0-1"]
[WhiteElo "2281"]
[BlackElo "2369"]
[TimeControl "180+2"]
[EndTime "14:08:02 PST"]
[Termination "MFBerna won by resignation"]

1. d4 Nf6 2. Bf4 e6 3. e3 b6 4. Nf3 Bb7 5. h3 c5 6. c3 d6 7. Bd3 Be7 8. O-O O-O 9. Nbd2 Nbd7 10. Qe2 Qc7 11. e4 Rfe8 12. Bh2 Nf8 13. e5 N6d7 14.
Nc4 dxe5 15. Nfxe5 Nxe5 16. Nxe5 Bd6 17. f4 cxd4 18.
cxd4 Rac8 19. Qg4 f6 20. Nf3 Qf7 21. f5 Bxh2+ 22. Kxh2 exf5 23. Bxf5 Rcd8 24. Rad1 Bd5 25. a3 Ng6 26. h4 Ne7 27. Bb1 Qe6 28. Qf4 Qd6 29. Qxd6 Rxd6 30. Rfe1 Kf7 31. Re3 Red8 32.
Rde1 Nc6 33. Bxh7 g6 34. h5 gxh5 35. Be4 Bxe4 36. Rxe4 R8d7 37. Rd1 Rd5 38. Rh4 Ne7 39. Rf1 Nf5 40. Rxh5 Ne3 41. Ne5+ Rxe5 42. dxe5 Nxf1+ 43. Kg1 Rd1 44. Rh7+ Kg6 45. Rxa7 Nd2+ 46. Kf2 Nc4 47. e6 Rd2+ 48. Ke1 Rxb2 49. Rb7 Rxg2 50. e7 Kf7 51. Rc7 Nxa3 52. Kd1 b5 53. Kc1 Rc2+ 54. Rxc2 Nxc2 55. Kxc2 Kxe7 56. Kb3 f5 0-1

[Event "*** Titled Tuesday Blitz"]
[Site "Chess.com"]
[Date "2018.12.04"]
[Round "5"]
[White "Satscho"]
[Black "PawnEatingZombie"]
[Result "1-0"]
[WhiteElo "2319"]
[BlackElo "2209"]
[TimeControl "180+2"]
[EndTime "14:08:03 PST"]
[Termination "Satscho won on time"]

1. e4 e6 2. d4 d5 3. exd5 exd5 4.
Bd3 Nf6 5. Nf3 c5 6. O-O Be7 7. dxc5 O-O 8. Bg5 Bxc5 9. Nc3 Be6 10. Qd2 Nc6 11. a3 Re8 12. Rad1 h6 13. Bh4 g5 14.
Bg3 a6 15. h4 g4 16. Ne5 Kg7 17. Nxc6 bxc6 18. Be5 Bd6 19. Qf4 Bxe5 20. Qxe5 Qb8 21. Qxb8 Raxb8 22. b4 a5 23. bxa5 c5 24. Bb5 Red8 25.
a4 d4 26. Ne2 Ra8 27. a6 Bc8 28. Rfe1 Bxa6 29. Nf4 Bxb5 30. axb5 Ra2 31. Re7 Rb8 32.
Rb1 Kf8 33. Rc7 Rxc2 34. b6 Ne8 35. Rd7 Rd2 36. b7 c4 37. Kf1 c3 38. Ke1 Rb2 39. Rc1 R8xb7 40. Rxd4 Nf6 41. Rc4 Re7+ 42. Kf1 Rd7 43.
R4xc3 Rdd2 44. Nd3 Ra2 45. Kg1 Ne4 46. Rc8+ Kg7 47.
Nb4 Rab2 48. Nd3 Ra2 49. Nb4 Rab2 50. Nd3 Rb3 51. Nc5 Nxc5 52. R8xc5 Rbb2 53. Rf1 Kg6 54. h5+ Kg7 55. Rc4 f5 56. Rc6 g3 57. Rg6+ Kf7 58.
Rxg3 1-0

[Event "*** Titled Tuesday Blitz"]
[Site "Chess.com"]
[Date "2018.12.04"]
[Round "5"]
[White "ALeks_Ivlev"]
[Black "Godzillator"]
[Result "1-0"]
[WhiteElo "2487"]
[BlackElo "2373"]
[TimeControl "180+2"]
[EndTime "14:08:04 PST"]
[Termination "ALeks_Ivlev won by resignation"]

1. d4 d5 2. c4 c6 3. Nf3 Nf6 4. e3 Bf5 5. Nc3 a6 6. Bd2 h6 7. cxd5 cxd5 8. Qb3 Bc8 9. Bd3 e6 10. O-O Nc6 11. Rac1 Bd6 12. Na4 Nd7 13. e4 dxe4 14. Bxe4 Na5 15. Qc3 O-O 16. Qxa5 b6 17. Nxb6 Nxb6 18.
Bxa8 Nxa8 19. Qxd8 Rxd8 20. Ba5 Re8 21. Ne5 Bb7 22.
Nc4 Bf4 23. Rc3 Bd5 24. Nb6 Nxb6 25. Bxb6 Rb8 26. Bc7 Bxc7 27. Rxc7 Rxb2 28. a3 Rd2 29.
Rb1 Rxd4 30. f3 Ra4 31. Rb8+ Kh7 32. Rxf7 Rxa3 33. Rc8 Kg6 34. Rcc7 a5 35. Kf2 a4 36. Kg3 Ra2 37. h4 h5 38. Rxg7+ Kf6 39. Ra7 a3 40.
Rg5 Ra1 41. Rxh5 a2 42. Kf4 Kg6 43. Rg5+ Kh6 44. g4 Rf1 45. Rxd5 exd5 46. Rxa2 Rd1 47. Ra6+ Kg7 48. Kg5 d4 49. f4 d3 50. f5 d2 51. Rd6 Kf7 52. Rd7+ Ke8 53. Rd3 Kf7 54.
h5 Ke7 55. h6 Kf7 56. f6 Ra1 57. Rd7+ Kg8 58. Rxd2 Kh7 59. Rd7+ Kh8 60. Kg6 Ra8 61. Rh7+ Kg8 62. f7+ Kf8 63. Rh8+ 1-0

[Event "*** Titled Tuesday Blitz"]
[Site "Chess.com"]
[Date "2018.12.04"]
[Round "5"]
[White "Yurovskykh_Oleksandr"]
[Black "GulamaliRises"]
[Result "0-1"]
[WhiteElo "2484"]
[BlackElo "2660"]
[TimeControl "180+2"]
[EndTime "14:08:10 PST"]
[Termination "GulamaliRises won by checkmate"]

1. d4 Nf6 2. Bg5 d5 3. Bxf6 exf6 4. e3 c6 5. c4 dxc4 6. Bxc4 Bd6 7. Nc3 O-O 8. Nf3 f5 9. O-O Nd7 10. Qe2 Nf6 11.
Rfd1 a6 12. d5 c5 13. a4 b6 14. g3 Re8 15. Qc2 g6 16. Bf1 Nd7 17. Nd2 Ne5 18. Nc4 Nxc4 19. Bxc4 Bb7 20. Bf1 Qd7 21. b3 Be5 22.
Rac1 Red8 23. Bg2 Rac8 24. Nb1 b5 25. axb5 axb5 26. Na3 Bd6 27. Nb1 c4 28. bxc4 Rxc4 29. Qb3 Rdc8 30. Rxc4 bxc4 31. Qc2 c3 32. Nxc3 Be5 33.
Qa4 Qd8 34. Nb5 Ra8 35. Qb4 Kg7 36. d6 Bxg2 37. Kxg2 Qb6 38. Qb1 Rb8 39. Nc3 Qc6+ 40.
Kg1 Rxb1 41. Nxb1 Qc2 42. Rf1 Bxd6 43. Kg2 g5 44. h3 h5 45. Kg1 h4 46. gxh4 g4 47.
hxg4 fxg4 48. Kg2 f5 49. h5 Kh6 50. Rh1 g3 51. Rf1 Kxh5 52. Kf3 Qe4+ 53. Ke2 g2 54. Rg1 Bh2 55. Nd2 Bxg1 56. Nxe4 fxe4 57. f4 Bxe3 58. f5 g1=Q 59. f6 Qg6 60. Kd1 Qxf6 61. Ke2 Qf3+ 62. Ke1 Qf2+ 63. Kd1 Qd2# 0-1

[Event "*** Titled Tuesday Blitz"]
[Site "Chess.com"]
[Date "2018.12.04"]
[Round "5"]
[White "Laico"]
[Black "DSCC1"]
[Result "1-0"]
[WhiteElo "2261"]
[BlackElo "2177"]
[TimeControl "180+2"]
[EndTime "14:08:10 PST"]
[Termination "Laico won by checkmate"]

1. e4 c6 2. d4 d5 3. f3 Qb6 4.
Nc3 dxe4 5. fxe4 e5 6. Nf3 exd4 7. Qxd4 Qxd4 8. Nxd4 Bc5 9. Be3 Bb6 10. O-O-O Ne7 11. Bc4 Nd7 12. Rhf1 Ne5 13. Bb3 O-O 14. Nf5 Bxe3+ 15. Nxe3 N7g6 16. h3 Re8 17. Ng4 Bxg4 18. hxg4 h6 19. Rf5 Re7 20. g5 Nh4 21. Rf2 hxg5 22.
Rh1 g6 23. Nd1 Kg7 24. Ne3 Rh8 25. c3 g4 26. Kb1 g3 27. Rd2 Rh5 28. Bd1 Rh6 29. Rf1 f6 30. Rd6 g5 31. Rh1 Nf7 32. Rd4 Ne5 33. Bb3 Rh8 34. a4 Rc8 35. Rh3 Rd7 36.
Rxg3 Rcd8 37. Rxd7+ Rxd7 38. Rh3 Rd2 39. g3 Nhf3 40.
Nf5+ Kf8 41. Rh7 Ke8 42. Ng7+ Kd8 43. Ne6+ Kc8 44. Rc7+ Kb8 45. a5 a6 46. Rg7 Nd3 47. Bc2 Nfe1 48. Bxd3 Nxd3 49. b4 Rb2+ 50. Ka1 Rc2 51.
Rd7 Rxc3 52. Ka2 c5 53. bxc5 Nxc5 54. Rd8+ Ka7 55. Nd4 Nxe4 56. Rd7 Rc4 57. Kb3 Rc5 58.
Kb4 Re5 59. Nc6+ Ka8 60. Rd8# 1-0

[Event "*** Titled Tuesday Blitz"]
[Site "Chess.com"]
[Date "2018.12.04"]
[Round "5"]
[White "731291"]
[Black "TregubovP"]
[Result "1/2-1/2"]
[WhiteElo "2590"]
[BlackElo "2578"]
[TimeControl "180+2"]
[EndTime "14:08:11 PST"]
[Termination "Game drawn by repetition"]

1. Nf3 d5 2. g3 Nf6 3. Bg2 Bf5 4. O-O e6 5. b3 c5 6. Bb2 Be7 7. d3 O-O 8. Nbd2 Nc6 9. Re1 h6 10. e4 Bh7 11. Qe2 a5 12. a4 Re8 13. Rad1 Nb4 14.
Nb1 Qb6 15. Ne5 Rad8 16. Na3 Bf8 17. Nb5 Nc6 18. Ng4 Nxg4 19. Qxg4 d4 20. Bc1 Kh8 21.
e5 Nb4 22. Re2 Nd5 23. Bd2 Nc7 24. Na3 Qa6 25. Nc4 b6 26. h4 Nd5 27. Rde1 Qa7 28. h5 Qc7 29. Be4 Bxe4 30. Rxe4 f5 31. exf6 Nxf6 32.
Qg6 Nxe4 33. Rxe4 Qe7 34. Nxb6 Qf6 35. Nc4 e5 36. Bxa5 Rc8 37. Qg4 Rc6 38. Bd2 Rce6 39.
a5 Be7 40. Qe2 Bd8 41. Kg2 Bc7 42. Qf3 Rf8 43. Qxf6 Rexf6 44. Re2 Rf5 45. g4 R5f6 46. Be1 Re8 47. b4 cxb4 48. Bxb4 Kg8 49. Bd2 Kf7 50. f3 Rfe6 51. Re1 Rb8 52. Ra1 Ra6 53. f4 exf4 54. Kf3 g5 55. Re1 Re6 56. Ra1 Ra6 57. Re1 Re6 58. Ra1 Ra6 59. Re1 Re6 60. Ra1 Ra6 61. Re1 Re6 62. Ra1 1/2-1/2

[Event "*** Titled Tuesday Blitz"]
[Site "Chess.com"]
[Date "2018.12.04"]
[Round "5"]
[White "Winehouse83"]
[Black "ruvat"]
[Result "1/2-1/2"]
[WhiteElo "2439"]
[BlackElo "2299"]
[TimeControl "180+2"]
[EndTime "14:08:11 PST"]
[Termination "Game drawn - insufficient material"]

1. d4 d6 2. e4 Nf6 3. Nc3 g6 4.
Bf4 Bg7 5. Qd2 c6 6. f3 b5 7. g4 Nbd7 8. Rd1 Nb6 9. h4 h5 10. g5 Nfd7 11. d5 b4 12. dxc6 bxc3 13. cxd7+ Bxd7 14.
bxc3 Qc7 15. c4 O-O 16. Bd3 Nxc4 17. Bxc4 Qxc4 18. Ne2 Bb5 19. Kf2 Qxa2 20. Nd4 Bd7 21. Ne2 Rfc8 22. c3 Qxd2 23. Bxd2 a5 24. Ra1 a4 25.
Ra3 Rab8 26. Rha1 Rb2 27. R1a2 Rcb8 28. Ke3 R2b3 29. Nd4 Rxa3 30. Rxa3 Kf8 31. c4 Ke8 32.
Nb5 Bxb5 33. cxb5 Rxb5 34. Rxa4 Rb3+ 35. Ke2 Kd7 36. Ra8 Be5 37. f4 Bd4 38. Rf8 Ke6 39.
f5+ gxf5 40. exf5+ Kxf5 41. Rxf7+ Ke6 42. g6 Rg3 43.
Bg5 d5 44. Rh7 Bf6 45. g7 Kf7 46. Bh6 Bxg7 47. Bxg7 Rxg7 48. Rxh5 e6 49. Ke3 Ke7 50.
Rh8 Kd6 51. h5 Ke5 52. Kf3 d4 53. h6 Rg5 54. h7 Rh5 55. Kg4 Rh1 56. Kg5 Ke4 57. Kg6 e5 58. Rd8 d3 59. h8=Q Rxh8 60. Rxh8 d2 61. Rd8 Ke3 62. Kf5 Ke2 63. Kxe5 d1=Q 64. Rxd1 Kxd1 1/2-1/2

[Event "*** Titled Tuesday Blitz"]
[Site "Chess.com"]
[Date "2018.12.04"]
[Round "5"]
[White "SerGo055"]
[Black "GreatDamnedRedSpot"]
[Result "0-1"]
[WhiteElo "2435"]
[BlackElo "2332"]
[TimeControl "180+2"]
[EndTime "14:08:12 PST"]
[Termination "GreatDamnedRedSpot won by resignation"]

1. d4 c6 2. Nf3 Na6 3. e4 Nc7 4. Bd3 d5 5. e5 g6 6. h3 h5 7. O-O Bh6 8. c3 Ne6 9. Bxh6 Nxh6 10. Qd2 Kf8 11. Na3 Ng7 12. Nc2 Bf5 13. Ne3 Bxd3 14. Qxd3 e6 15. g3 Ngf5 16. Ng2 Kg7 17. Nfh4 Qe7 18.
b4 a5 19. a3 Ra7 20. f4 Nxh4 21. Nxh4 Rha8 22. Rae1 axb4 23. axb4 Nf5 24. Nxf5+ gxf5 25. Qf3 Kg6 26. Re2 Ra2 27. g4 hxg4 28. hxg4 Qh4 29. gxf5+ Kxf5 30. Qd3+ Kg4 31. Qd1 Rxe2 32. Qxe2+ Kf5 33.
Qd3+ Kg4 34. f5 Qg3+ 35. Qxg3+ Kxg3 36. fxe6 fxe6 37. Rc1 Kf3 38. Rf1+ Ke3 39. Rf6 Re8 40. Rf7 Kd3 41. Rxb7 Kxc3 42. Rc7 Kxd4 43. Rxc6 Kxe5 44. b5 Rb8 45. b6 d4 46. Rc5+ Kd6 47. Rb5 Kc6 48. Rb4 e5 49. Rc4+ Kxb6 50. Kf2 Kb5 51. Rc1 Rh8 52. Kf3 Rh4 53. Rc8 e4+ 54. Kg3 Rh7 55.
Kf4 Re7 56. Kg3 e3 57. Rc1 e2 58. Kf2 Kb4 59. Ke1 Kb3 60. Kd2 e1=Q+ 61. Rxe1 Rxe1 62. Kxe1 Kc2 63. Ke2 d3+ 0-1

[Event "*** Titled Tuesday Blitz"]
[Site "Chess.com"]
[Date "2018.12.04"]
[Round "5"]
[White "Gr3egor"]
[Black "schoolmeester"]
[Result "0-1"]
[WhiteElo "2506"]
[BlackElo "2753"]
[TimeControl "180+2"]
[EndTime "14:08:15 PST"]
[Termination "schoolmeester won by resignation"]

1. d4 f5 2. g3 Nf6 3. Bg2 g6 4. Nh3 Bg7 5. Nf4 d6 6. d5 Na6 7.
h4 e5 8. dxe6 Nc5 9. h5 Nxe6 10.
h6 Nxf4 11. Bxf4 Bf8 12. Nc3 Be7 13. Nd5 O-O 14. Nxe7+ Qxe7 15. Qd4 Be6 16. O-O-O Rad8 17. Kb1 b6 18. Bg5 c5 19. Qc3 Qf7 20. b3 Rd7 21.
f3 d5 22. e3 Ne8 23. Rd2 Nd6 24.
Rhd1 d4 25. exd4 Nb5 26. Qe3 cxd4 27. Rxd4 Nxd4 28. Rxd4 Rxd4 29. Qxd4 Qd7 30. Qe5 Rc8 31. Kb2 Kf8 32. f4 Kg8 33. Bf3 Re8 34. Qc3 Rc8 35. Qe5 Re8 36. Qc3 Rc8 37. Qf6 Qf7 38. Qe5 Re8 39. Qd6 Qd7 40. Qb4 Rc8 41. c4 Qd4+ 42.
Ka3 Rc5 43. Qe1 Ra5+ 44. Kb4 Qd6+ 45. Kc3 Rxa2 46. Bd5 Kf7 47. Qb1 Rh2 48. Qd3 Bxd5 49. cxd5 Qc5+ 50. Qc4 Rg2 51. Qxc5 bxc5 52. Kc4 Ke8 53.
Kxc5 Kd7 54. b4 Rxg3 55. b5 Rb3 56. Bf6 Rb1 57. Be5 Rc1+ 58. Kb4 Re1 59. Kc5 g5 60. Bb8 g4 61. Bxa7 g3 62. Kc4 g2 63. Bf2 g1=Q 64. Bxg1 Rxg1 0-1

[Event "*** Titled Tuesday Blitz"]
[Site "Chess.com"]
[Date "2018.12.04"]
[Round "5"]
[White "hansen"]
[Black "Panchenko_Dmitry"]
[Result "0-1"]
[WhiteElo "2766"]
[BlackElo "2552"]
[TimeControl "180+2"]
[EndTime "14:08:16 PST"]
[Termination "Panchenko_Dmitry won on time"]

1. e4 e5 2. Nf3 Nf6 3. Nxe5 d6 4. Nf3 Nxe4 5. Nc3 Nxc3 6. dxc3 Be7 7. Be3 O-O 8. Qd2 Re8 9. O-O-O Nd7 10. h3 c6 11. Kb1 d5 12. Bd3 Nc5 13. Bxc5 Bxc5 14. c4 Be6 15. Ng5 h6 16. Nxe6 Rxe6 17. Rhe1 Rxe1 18.
Qxe1 Qf6 19. cxd5 cxd5 20. f3 g6 21. h4 h5 22. g4 Qxf3 23. gxh5 Qxh5 24. a3 Bf8 25. Qh1 Bg7 26. c3 Rd8 27. Re1 Bf6 28.
Qf1 Qxh4 29. Re2 Kg7 30. Qf3 Qh5 31. Qg2 Qg5 32. Qf3 Rh8 33. Ka2 Rh4 34. Rf2 Qe5 35. Re2 Qg5 36. Rf2 b6 37. Rg2 Qe5 38. Re2 Qd6 39. Rg2 Rh8 40. Qg4 Be5 41. Qa4 a5 42. Qb3 Re8 43. Bb5 Re7 44. Rd2 Bf6 45. Rxd5 Qh2 46. a4 Qf4 47. Bd3 Qe3 48. Rd6 Re6 49. Rd7 Re7 50. Rd5 Re5 51. Rd7 Re7 52. Rd6 Re6 53.
Rxe6 Qxe6 54. Bc4 Qe7 55. Qxb6 Be5 56. Qxa5 g5 57. Qd5 Qf6 0-1

[Event "*** Titled Tuesday Blitz"]
[Site "Chess.com"]
[Date "2018.12.04"]
[Round "5"]
[White "Bryakin_Mikhail"]
[Black "VincentBlom"]
[Result "1-0"]
[WhiteElo "2725"]
[BlackElo "2503"]
[TimeControl "180+2"]
[EndTime "14:08:16 PST"]
[Termination "Bryakin_Mikhail won by resignation"]

1. d4 Nf6 2. c4 b6 3. Nf3 Bb7 4. g3 g6 5. Bg2 Bg7 6. O-O O-O 7. Nc3 Ne4 8. Bd2 d6 9. Nxe4 Bxe4 10. Bc3 c5 11.
Qd2 Nc6 12. d5 Bxf3 13. Bxf3 Ne5 14. b3 a6 15. Bg2 b5 16. f4 Ng4 17. Bxg7 Kxg7 18. e4 f6 19. Bh3 Nh6 20. Be6 a5 21. cxb5 a4 22. b4 Qb6 23. Qe3 Qxb5 24. bxc5 dxc5 25.
Rfc1 Qb2 26. Qxc5 Kh8 27. Qc3 a3 28. Rc2 Qb6+ 29. Qc5 Qb7 30. Rac1 Qa7 31. Qxa7 Rxa7 32. Rc7 Rfa8 33. Rxa7 Rxa7 34. Rc3 Kg7 35. Kf2 Nf7 36. Bxf7 Kxf7 37. Ke3 Rb7 38. Rxa3 Rb2 39. h4 Rg2 40. Kd4 h6 41. e5 fxe5+ 42. fxe5 g5 43. hxg5 hxg5 44.
Rf3+ Ke8 45. a3 Rd2+ 46. Rd3 Re2 47. Re3 Rd2+ 48. Ke4 Kd7 49. Rb3 Re2+ 50. Kf5 Rf2+ 51. Kxg5 Rd2 52. Rb7+ Kd8 53. Kf5 Rxd5 54. Ke6 Rd3 55. a4 Rxg3 56. Rd7+ Kc8 57. Rxe7 Ra3 58. Ra7 Kb8 59. Ra5 Kc7 60. Rc5+ Kb6 61. Rc4 Kb7 62.
Ke7 Rxa4 63. Rxa4 1-0

[Event "*** Titled Tuesday Blitz"]
[Site "Chess.com"]
[Date "2018.12.04"]
[Round "5"]
[White "bubacik"]
[Black "TigranLPetrosyan"]
[Result "1/2-1/2"]
[WhiteElo "2675"]
[BlackElo "2811"]
[TimeControl "180+2"]
[EndTime "14:08:20 PST"]
[Termination "Game drawn - insufficient material"]

1. d4 g6 2. Nf3 Bg7 3. Nc3 d6 4. e4 a6 5. Bg5 b5 6. Bd3 Nd7 7. Qe2 c5 8. e5 cxd4 9. Nxd4 Nxe5 10. Be4 Rb8 11. O-O-O Bd7 12. f4 Nc4 13. Nc6 Bxc6 14. Bxc6+ Kf8 15. Nd5 Nf6 16. Nxf6 Bxf6 17. Bxf6 exf6 18.
Bd5 Nb6 19. Rhe1 Kg7 20. Qe7 Nxd5 21. Qxd8 Rhxd8 22. Rxd5 Kf8 23. b3 Rbc8 24. Kb2 Rc5 25. Rd3 Rdc8 26. Re2 R8c6 27. g3 h5 28. Rde3 Kg7 29.
a3 h4 30. Rd3 g5 31. fxg5 fxg5 32. Red2 hxg3 33. hxg3 f5 34. Kb1 Rc3 35. Kc1 Rxd3 36. Rxd3 Kf6 37. Kd2 Ke5 38. Re3+ Kd5 39. Re8 Rc7 40.
Rg8 g4 41. Re8 Rh7 42. Ke3 Rh2 43. Rc8 Rg2 44. Kf4 Rf2+ 45. Kg5 Rf3 46. Kh4 a5 47. a4 bxa4 48. bxa4 Ra3 49. Rf8 Ke4 50. Kg5 Rxa4 51. Rxf5 Ke3 52. Rd5 Kf3 53. Kh4 Ra1 54.
Rd3+ Ke4 55. Rxd6 a4 56. Kxg4 a3 57. Ra6 a2 58. Kg5 Kd4 59. g4 Kc3 60. Kg6 Kxc2 61.
g5 Kb3 62. Kg7 Rg1 63. g6 a1=Q+ 64. Rxa1 Rxa1 65. Kf7 Ra7+ 66. Kf8 Rb7 67. g7 Rxg7 68. Kxg7 1/2-1/2

[Event "*** Titled Tuesday Blitz"]
[Site "Chess.com"]
[Date "2018.12.04"]
[Round "5"]
[White "KenanGarayev"]
[Black "VerdeNotte"]
[Result "1/2-1/2"]
[WhiteElo "2772"]
[BlackElo "2849"]
[TimeControl "180+2"]
[EndTime "14:08:21 PST"]
[Termination "Game drawn - insufficient material"]

1. e4 e5 2. Nf3 Nc6 3. Bc4 Nf6 4. d3 h6 5. O-O Bc5 6. c3 d6 7. Nbd2 a6 8. h3 Ba7 9. Bb3 g5 10. d4 g4 11. hxg4 Bxg4 12. Bd5 exd4 13. Bxc6+ bxc6 14. cxd4 Rg8 15. Qc2 Qd7 16. e5 Bf5 17. Qc4 d5 18. Qa4 Ne4 19. Re1 Nxd2 20. Bxd2 Be4 21. e6 fxe6 22. Ne5 Qd6 23. Bb4 Rxg2+ 24. Kf1 Rxf2+ 25. Kxf2 Bxd4+ 26. Ke2 Qxe5 27. Qxc6+ Kf7 28. Kd1 Bf3+ 29. Kd2 Qf4+ 30. Kc2 Qf5+ 31. Kb3 Qd3+ 32. Bc3 Rb8+ 33. Ka3 Bxc3 34. Qxc7+ Kf6 35. Qf4+ Qf5 36. Qxb8 Bxe1 37. Rxe1 Be4 38. b3 Kg7 39. Qg3+ Qg5 40. Qc7+ Kg6 41. Qd6 Bf5 42. Qxa6 Qd2 43. Rg1+ Kf6 44. Qa8 Ke5 45. Qb8+ Ke4 46. Qb4+ Qxb4+ 47. Kxb4 d4 48. a4 Kd3 49. a5 Be4 50. Re1 Bd5 51. a6 Kd2 52. Re5 d3 53.
Rxd5 exd5 54. a7 Ke2 55. a8=Q d2 56. Qxd5 d1=Q 57. Qxd1+ Kxd1 58. Ka3 h5 59. b4 h4 60. b5 h3 61. b6 h2 62. b7 h1=Q 63. b8=Q Qf3+ 64.
Qb3+ Qxb3+ 65. Kxb3 1/2-1/2

[Event "*** Titled Tuesday Blitz"]
[Site "Chess.com"]
[Date "2018.12.04"]
[Round "5"]
[White "abubakrtagelsir"]
[Black "TheRigos"]
[Result "0-1"]
[WhiteElo "2299"]
[BlackElo "2420"]
[TimeControl "180+2"]
[EndTime "14:08:33 PST"]
[Termination "TheRigos won by resignation"]

1. e4 c5 2. Nc3 a6 3. g3 b5 4. Bg2 Bb7 5. d3 e6 6. Nf3 d5 7. exd5 exd5 8. O-O Be7 9. d4 c4 10. Re1 Nf6 11. Bg5 O-O 12. Nh4 h6 13. Nf5 Bb4 14.
Bxf6 Qxf6 15. g4 Rd8 16. Qf3 Nd7 17. a3 Bxc3 18. bxc3 Re8 19. Qg3 Nf8 20. Rxe8 Rxe8 21. Nd6 Re7 22. Nxb7 Rxb7 23. Bxd5 Re7 24. Bg2 Ng6 25.
Qb8+ Kh7 26. Qa8 Re2 27. Qf3 Nf4 28. Bf1 Rxc2 29. Qe4+ Qg6 30. Qxg6+ Kxg6 31. a4 Rxc3 32. axb5 axb5 33. Ra6+ Kg5 34. Rb6 Rb3 35. Rb7 Kxg4 36. Rxf7 g5 37. h3+ Nxh3+ 38. Bxh3+ Rxh3 39. Rb7 Rd3 40. Rxb5 Rxd4 41. Kg2 h5 42. Rc5 h4 43. Rc8 Rf4 44. Rc5 h3+ 45. Kg1 Rd4 46. Kh2 Kh4 47. Rc8 Kg4 48. Rc5 Rf4 49. Kg1 Kh4 50. Rc8 Rg4+ 51.
Kh1 Rd4 52. Kh2 g4 53. Rh8+ Kg5 54. Rg8+ Kf4 55. Rf8+ Ke4 56. Kg3 Kd3 57. f4 c3 58.
f5 c2 59. Rc8 Rc4 60. Rd8+ Kc3 61. f6 c1=Q 62. f7 Qf4+ 0-1

[Event "*** Titled Tuesday Blitz"]
[Site "Chess.com"]
[Date "2018.12.04"]
[Round "5"]
[White "Bigfish1995"]
[Black "GMG"]
[Result "1/2-1/2"]
[WhiteElo "3000"]
[BlackElo "2685"]
[TimeControl "180+2"]
[EndTime "14:08:35 PST"]
[Termination "Game drawn by repetition"]

1. d4 d5 2. Nf3 e6 3. Bg5 Be7 4.
h4 h6 5. Bxe7 Qxe7 6. c3 c5 7.
dxc5 Qxc5 8. Qd4 Qxd4 9. cxd4 Nc6 10. Nc3 Bd7 11. e3 Rc8 12. Bd3 Nf6 13. a3 Na5 14. Ne5 Ke7 15. Rc1 Nb3 16. Rc2 Rhd8 17. g4 Na1 18.
Re2 Be8 19. f3 Nd7 20. Nxd7 Bxd7 21. Kf2 Nb3 22. Kg3 Rc7 23. Rc2 Rdc8 24. g5 Be8 25.
Kf4 Na5 26. Rhc1 Kd8 27. e4 dxe4 28. Bxe4 hxg5+ 29. hxg5 Nc4 30. a4 a5 31. Rh1 Nb6 32. Rd2 Nxa4 33. Nxa4 Bxa4 34. d5 exd5 35. Rxd5+ Bd7 36.
Rh8+ Ke7 37. Rxd7+ Kxd7 38. Bf5+ Kd6 39. Rxc8 Rxc8 40.
Bxc8 b5 41. Ke4 f6 42. g6 Kc5 43.
Be6 a4 44. Kd3 b4 45. Bd7 a3 46. bxa3 bxa3 47. Kc3 Kd5 48. f4 Kd6 49. Bc8 Ke7 50. f5 Kf8 51. Be6 Ke7 52. Kb3 Kf8 53.
Kxa3 Ke7 54. Kb4 Kf8 55. Kc5 Ke7 56. Kc6 Kf8 57. Bd5 Ke7 58. Kc7 Kf8 59. Kd6 Ke8 60. Bc4 Kf8 61. Kc7 Ke7 62. Bg8 Kf8 63. Bh7 Ke7 64.
Kc6 Ke8 65. Kd6 Kf8 66. Ke6 Ke8 67. Kd6 Kf8 68. Kc7 Ke7 69. Kc6 Ke8 70. Kd6 Kf8 71. Ke6 Ke8 72. Bg8 Kf8 73. Bh7 Ke8 74. Kd6 Kf8 1/2-1/2

[Event "*** Titled Tuesday Blitz"]
[Site "Chess.com"]
[Date "2018.12.04"]
[Round "5"]
[White "GABUZYAN_CHESSMOOD"]
[Black "JonahWillow"]
[Result "1-0"]
[WhiteElo "2811"]
[BlackElo "2679"]
[TimeControl "180+2"]
[EndTime "14:08:45 PST"]
[Termination "GABUZYAN_CHESSMOOD won by resignation"]

1. Nf3 c5 2. g3 Nc6 3. Bg2 g6 4. O-O Bg7 5. c3 Nf6 6. d4 cxd4 7. cxd4 d5 8. Ne5 O-O 9. Nc3 Be6 10. Bf4 Nh5 11. Rc1 Rc8 12. e3 h6 13. Nd3 Nf6 14. Nc5 g5 15. Nxe6 fxe6 16. Be5 Nxe5 17. dxe5 Nd7 18.
Qg4 Rc6 19. f4 Qb6 20. Nxd5 exd5 21. Bxd5+ Kh8 22. Bxc6 Qxe3+ 23. Kh1 bxc6 24. Qxd7 Qe4+ 25. Kg1 Qe3+ 26. Kg2 gxf4 27. gxf4 Qe4+ 28. Rf3 Rxf4 29. Qd3 Rg4+ 30. Kh1 Bxe5 31. Qxe4 Rxe4 32. Rc2 c5 33.
Rxc5 Re2 34. Rh3 Kg7 35. Rc1 Bxb2 36. Rg1+ Kh7 37. Rhg3 Be5 38. R3g2 Re4 39. Rd1 a5 40.
Rc2 Bd6 41. Rd3 a4 42. h3 a3 43. Kg2 Kg6 44. Rf3 h5 45. Rcf2 h4 46. Rc2 Re1 47.
Kf2 Rh1 48. Ke2 Rh2+ 49. Kd3 Rh1 50. Ke4 Bg3 51. Rxa3 Rxh3 52. Ra6+ Kf7 53. a4 Rh1 54. Kf3 Ra1 55. Kg2 Bd6 56. Ra8 Ra3 57. Rc1 h3+ 58. Kh1 h2 59. a5 Ke6 60. a6 Ke5 61. Re1+ Kf4 62. Kxh2 Kg4+ 63. Kg2 Ra2+ 64. Kf1 e5 65. a7 Kf3 66. Rb1 e4 67. Rd8 Rh2 68. Rb3+ e3 69.
Rxe3+ Kxe3 70. a8=Q Rh1+ 71. Qxh1 1-0

[Event "*** Titled Tuesday Blitz"]
[Site "Chess.com"]
[Date "2018.12.04"]
[Round "5"]
[White "rasmussvane"]
[Black "gkchesstiger"]
[Result "1/2-1/2"]
[WhiteElo "2690"]
[BlackElo "2795"]
[TimeControl "180+2"]
[EndTime "14:08:50 PST"]
[Termination "Game drawn - insufficient material"]

1. Nf3 Nf6 2. g3 d5 3. Bg2 c6 4. c4 g6 5. b3 Bg7 6. Bb2 O-O 7. O-O Bg4 8. d3 Bxf3 9. Bxf3 e6 10. Nd2 Nbd7 11.
Qc2 a5 12. Bg2 Qb6 13. a3 Rfc8 14. Rab1 Qa6 15. Rfc1 Rd8 16. Nf3 Ne8 17. Bxg7 Nxg7 18. Qc3 Qb6 19. b4 axb4 20. axb4 Nf5 21. Bh3 Ne7 22.
Ra1 Rdc8 23. Rcb1 Qd8 24. Nd2 Rxa1 25. Rxa1 Ra8 26. c5 Qb8 27. Ra3 b6 28. Rxa8 Qxa8 29. cxb6 Qb8 30. Nf3 Qxb6 31. Nd4 c5 32. bxc5 Nxc5 33.
Nf3 Nd7 34. Kg2 h6 35. Bg4 Qc5 36. Qb2 Qc7 37. h4 Nc6 38. Qc1 h5 39. Bh3 Qd6 40.
d4 Nf6 41. Qg5 Ne4 42. Qh6 Qe7 43. Qf4 Kg7 44. g4 hxg4 45. Bxg4 Qf6 46. Qe3 Ne7 47. Ng5 Nd6 48. Qe5 Qxe5 49. dxe5 Nc4 50. f4 Ne3+ 51.
Kf3 N7f5 52. Bxf5 Nxf5 53. Kg4 Kf8 54. e4 Ne3+ 55. Kf3 d4 56. Nh3 Kg7 57. Ke2 Ng2 58. Kd3 Kh6 59. Kxd4 Kh5 60. Ng5 Kxh4 61. Nxf7 Nxf4 62.
Ke3 g5 63. Nd8 Kg3 64. Nf7 g4 65. Ng5 Ng2+ 66. Kd4 Nf4 67. Ke3 Ng2+ 68. Ke2 Kf4 69. Nxe6+ Kxe5 70. Nc5 Kd4 71. Nd3 Kxe4 72. Nf2+ Kf4 73.
Nxg4 Kxg4 1/2-1/2

[Event "*** Titled Tuesday Blitz"]
[Site "Chess.com"]
[Date "2018.12.04"]
[Round "5"]
[White "c63_amg"]
[Black "NikolaGry"]
[Result "1/2-1/2"]
[WhiteElo "2622"]
[BlackElo "2638"]
[TimeControl "180+2"]
[EndTime "14:08:52 PST"]
[Termination "Game drawn - insufficient material"]

1. e4 d5 2. exd5 Nf6 3. d4 Nxd5 4. Nf3 g6 5. c4 Nb6 6. h3 Bg7 7. Nc3 O-O 8. Be3 Nc6 9. Qd2 e5 10. d5 Ne7 11. g4 f5 12. O-O-O e4 13. Ng5 h6 14.
Ne6 Bxe6 15. dxe6 Qxd2+ 16. Rxd2 Rad8 17. Rxd8 Rxd8 18. Rg1 Kf8 19. gxf5 gxf5 20. Bc5 Bd4 21. Bxd4 Rxd4 22. c5 Nbd5 23. Nb5 Ra4 24. Kb1 a6 25.
Nc3 Nxc3+ 26. bxc3 Ra5 27. c6 Nxc6 28. Rg6 Rc5 29.
Kb2 Ke7 30. Rxh6 b5 31. h4 Nd8 32. h5 Nxe6 33. Rh7+ Kf6 34. h6 Ng5 35. Rd7 Kg6 36.
c4 bxc4 37. Kc3 Kxh6 38. Bxc4 Nf3 39. Rd5 Rxd5 40. Bxd5 Kg5 41. Bb7 a5 42. Kc4 Kf4 43. Kb5 e3 44. fxe3+ Kxe3 45. Kxa5 Nd2 46. Kb4 c5+ 47.
Kxc5 Ne4+ 48. Kb4 f4 49. a4 f3 50. a5 f2 51. Ba6 Ng3 52. Bf1 Nxf1 53. a6 Nd2 54. a7 f1=Q 55. a8=Q Qb1+ 56. Kc5 Qc2+ 57.
Kd6 Ne4+ 58. Ke7 Qc7+ 59. Kf8 Qd6+ 60. Kg7 Qf6+ 61. Kg8 Qg6+ 62. Kf8 Qf5+ 63. Kg7 Qg5+ 64. Kf7 Qf6+ 65. Kg8 Kf4 66. Qb8+ Kg5 67. Qb5+ Kg6 68. Qe8+ Kh6 69. Qf8+ Qxf8+ 70. Kxf8 1/2-1/2